 Dungeon Crawl Stone Soup version 0.29.0-11-gd7f09526c8 (webtiles) character file.

Game seed: 7963703411711785924

641 brightshaft the Cudgeller (level 7, 0/61 HPs)
             Began as a Minotaur Berserker on Sept 5, 2022.
             Was a Priest of Trog.
             Slain by Duvessa
             ... wielding a +0 short sword of protection
              (15 damage)
             ... on level 4 of the Dungeon.
             The game lasted 00:05:17 (3574 turns).

brightshaft the Cudgeller (Minotaur Berserker)      Turns: 3574, Time: 00:05:18

Health: 0/61       AC: 13    Str: 30    XL:     7   Next: 26%
Magic:  6/6        EV:  7    Int:  4    God:    Trog [***...]
Gold:   258        SH:  7    Dex:  9    Spells: 6/6 levels left

rFire   . . .      SeeInvis .   a - +0 mace
rCold   . . .      Faith    .   s - +0 kite shield
rNeg    . . .      Spirit   .   e - +0 plate armour
rPois   .          Reflect  .   (helmet restricted)
rElec   .          Harm     .   (no cloak)
rCorr   .          Rampage  .   u - +0 pair of gloves
Will    ++...                   (no boots)
Stlth   ..........              (no amulet)
HPRegen 1.20/turn               t - +6 ring of strength
MPRegen 0.10/turn               (no ring)

@: strong-willed, regenerating, studying Shields
A: horns 2, retaliatory headbutt
a: Renounce Religion, Berserk, Trog's Hand


You were on level 4 of the Dungeon.
You worshipped Trog.
Trog was most pleased with you.
You visited 1 branch of the dungeon, and saw 4 of its levels.

You collected 258 gold pieces.

Inventory:

Hand Weapons
 a - a +0 mace (weapon)
Missiles
 j - 9 boomerangs (quivered)
Armour
 e - a +0 plate armour (worn)
 s - a +0 kite shield (worn)
 u - a +0 pair of gloves (worn)
Jewellery
 o - a ring of magical power
 t - a +6 ring of strength (left hand)
Wands
 p - a wand of polymorph (5)
Scrolls
 g - a scroll of teleportation
 i - 2 scrolls of poison
 l - a scroll of enchant armour {unknown}
 n - 4 scrolls of identify {unknown}
 r - a scroll of fear {unknown}
Potions
 c - a potion of invisibility {unknown}
 d - 2 potions of lignification {unknown}
 f - a potion of magic {unknown}
 h - a potion of mutation {unknown}
 k - 2 potions of curing {unknown}
 m - a potion of attraction {unknown}
 q - a potion of flight {unknown}


   Skills:
 + Level 5.4 Fighting
 * Level 6.9 Maces & Flails
 + Level 4.7 Armour
 + Level 4.2 Dodging
 + Level 1.9 Shields


You had 6 spell levels left.
You didn't know any spells.
Your spell library was empty.

Dungeon Overview and Level Annotations

Branches:
Dungeon (4/15)
 Temple: D:4-7

Altars:
Elyvilon

Annotations:
D:4 Duvessa, Menkaure


Innate Abilities, Weirdness & Mutations

You have a pair of horns on your head.
You reflexively headbutt those who attack you in melee.


Message History

Dowan casts a spell.
Dowan blinks!
The orc barely misses you.
You sock Dowan!
You kill Dowan!
Trog accepts your kill.
Trog appreciates your killing of a magic user.
You hear a distant scream of rage.
The orc hits you but does no damage.
You hit the orc.
The orc is severely wounded.
The orc hits you with a +0 flail.
You hit the orc.
You kill the orc!
Trog accepts your kill.
No target in view!
No target in view!
No target in view!
Duvessa, Sister of Dowan comes into view.
She is wielding a +0 short sword of protection.
Duvessa shouts!
Duvessa goes berserk!
You hear a shout!
Things that are here:
a +0 flail; 2 stones; a scroll labelled XOEFEK MANWI You block Duvessa's attack.
Menkaure, Prince of Dust comes into view.
You hit Duvessa but do no damage. Duvessa hits you but does no damage. x2
You hit Duvessa but do no damage.
Duvessa hits you with a +0 short sword of protection! x2
Menkaure gestures wildly while chanting.
Menkaure seems to speed up.
You hit Duvessa but do no damage. You headbutt Duvessa, but do no damage.
Duvessa hits you with a +0 short sword of protection!
Duvessa hits you with a +0 short sword of protection.
Menkaure calls on the powers of darkness!
Your body is wracked with pain!
* * * LOW HITPOINT WARNING * * *
Duvessa convulses!
Your skin crawls.
You feel strong-willed.
Duvessa hits you with a +0 short sword of protection!
You die...

.#...###...... ##....
.......# ..... . .....
..M....# ....
..#....##......# . ....
#....#..#.....# .. #..
#....##.##....# ...#..
#...#.......## ...... #
#....).)@e#... ......
##..#..#.###..# ......
.........†...# ...#..
.#.#####.#...# ......
#.......# ..# ...#.. ##
#.#...#.# ......... ## #.. #.
#.#._.#.# ......... #..
##..#.#...#.#
........#######.
...#.......#...............#.


You could see Duvessa (berserk) and Menkaure (fast).

Vanquished Creatures
  Sigmund (D:2)
  A scorpion (D:4)
  Dowan (D:4)
  An orc priest (D:4)
  Terence (D:2)
  3 iguanas (D:4)
  Natasha (thrice) (D:2)
  4 gnolls (D:3)
  3 adders
  3 worms
  6 dart slugs
  5 orcs (D:4)
  6 ball pythons
  3 endoplasms
  3 giant cockroaches (D:3)
  8 goblins
  10 hobgoblins
  2 quokkas
  7 bats
  3 frilled lizards
  2 kobolds
  4 rats
80 creatures vanquished.

Vanquished Creatures (others)
  2 fungi (D:2)
  12 plants (D:2)
14 creatures vanquished.

Grand Total: 94 creatures vanquished

Notes
Turn   | Place    | Note
-------+----------+-------------------------------------------
     0 | D:1      | brightshaft the Minotaur Berserker began the quest for the
                  | Orb.
     0 | D:1      | Reached XP level 1. HP: 19/19 MP: 0/0
   300 | D:1      | Reached XP level 2. HP: 27/27 MP: 1/1
   330 | D:1      | Reached skill level 4 in Maces & Flails
   765 | D:1      | You fall into a shaft and drop 1 floor!
   768 | D:2      | Noticed Sigmund
   947 | D:2      | Reached XP level 3. HP: 33/33 MP: 2/2
   966 | D:2      | Found a faded altar of an unknown god.
  1017 | D:2      | Noticed Natasha
  1017 | D:2      | Killed Sigmund
  1018 | D:2      | Reached skill level 5 in Maces & Flails
  1018 | D:2      | Reached XP level 4. HP: 41/41 MP: 3/3
  1018 | D:2      | Reached XP level 5. HP: 47/47 MP: 4/4
  1113 | D:2      | Killed Natasha
  1115 | D:2      | Reached ** piety under Trog
  1129 | D:2      | Noticed Natasha
  1148 | D:2      | Killed Natasha
  1149 | D:2      | Reached XP level 6. HP: 29/55 MP: 5/5
  1545 | D:2      | Noticed Terence
  1556 | D:2      | Killed Terence
  1557 | D:2      | Reached skill level 6 in Maces & Flails
  1869 | D:2      | Noticed Natasha
  1875 | D:2      | Killed Natasha
  1930 | D:3      | Reached skill level 5 in Fighting
  3023 | D:4      | Identified a scroll of acquirement
  3023 | D:4      | Acquired a manual of Shields
  3051 | D:4      | Reached *** piety under Trog
  3052 | D:4      | Reached skill level 1 in Shields
  3052 | D:4      | Reached XP level 7. HP: 33/61 MP: 6/6
  3483 | D:4      | Found a white marble altar of Elyvilon.
  3494 | D:4      | Noticed Dowan
  3509 | D:4      | Killed Dowan
  3568 | D:4      | Noticed Duvessa
  3570 | D:4      | Noticed Menkaure
  3574 | D:4      | Slain by Duvessa

Illustrated notes

Levels and vault maps discovered:
D:1:      onia_arrival_mini_maze_b, layout_rooms, wad_floor_pattern_untrapped
D:2:      layout_basic, shapermc_ecumenical_altar_hornbeckon, uniq_natasha,
          uniq_sigmund, uniq_terence
D:3:      layout_basic, gup_sewer_entry_bowl, kennysheep_generic_room_14
D:4:      layout_cave_pools, mainiacjoe_overflow_cross_hatched,
          minmay_hedge_maze, kennysheep_generic_room_3, uniq_duvessa,
          uniq_menkaure, uniq_blork_the_orc

Skill      XL: |  1  2  3  4  5  6 |
---------------+-------------------+-----
Maces & Flails | 4 5 6 |  6.9
Fighting       | 4 5 |  5.4
Armour         | 3 4 |  4.7
Dodging        | 3 4 |  4.2
Shields        | 1 |  1.9

Action                   |  1- 3 |  4- 6 |  7- 9 || total
-------------------------+-------+-------+-------++-------
Melee: Mace              |    42 |   115 |    30 ||   187
       Headbutt          |     7 |    20 |     8 ||    35
       Unarmed           |       |    15 |       ||    15
       Punch             |       |     2 |       ||     2
Invok: Berserk           |     1 |     2 |     1 ||     4
       Trog's Hand       |       |       |     1 ||     1
  Use: Scroll            |       |     3 |       ||     3
Armor: Plate armour      |    20 |    83 |    17 ||   120
       Animal skin       |     2 |       |       ||     2
Dodge: Dodged            |    34 |    56 |     5 ||    95
Block: Kite shield       |       |    13 |     5 ||    18
